Map: Bridgehead LE (Void)

Players

ImotoFantasy

  • Race: Protoss Protoss
  • League: Platinum

LiquidDeath - Winner!

  • Race: Zerg Zerg
  • League: Platinum

VOD

Have the link to the VOD?

Description

Time

  • Played on: Oct. 29, 2015, 11:25 p.m.
  • Length: 13:58
Show
View Real Time Build Order
Export as new Build Order

ImotoFantasy Protoss 

Build Orders: Phoenix Opening 

Get SALT Encoding   

  12  0:01  Probe (Chrono Boost)  
  13  0:11  Probe (Chrono Boost)  
  14  0:17  Pylon  
  14  0:22  Probe (Chrono Boost)  
  15  0:36  Probe (Chrono Boost)  
  16  0:46  Probe (Chrono Boost)  
  18  0:57  Probe (Chrono Boost)  
  18  1:07  Probe (Chrono Boost)  
  18  1:11  Nexus  
  19  1:18  Probe (Chrono Boost)  
  20  1:22  Pylon  
  20  1:28  Probe (Chrono Boost)  
  20  1:31  Gateway  
  21  1:39  Probe (Chrono Boost)  
  22  1:40  Assimilator  
  22  1:43  Assimilator  
  22  1:49  Probe (Chrono Boost)  
  23  2:00  Probe (Chrono Boost)  
  24  2:11  Probe (Chrono Boost)  
  25  2:18  Cybernetics Core  
  25  2:19  Zealot  
  25  2:21  Probe (Chrono Boost)  
  28  2:23  Probe (Chrono Boost)  
  28  2:32  Probe (Chrono Boost)  
  28  2:34  Probe (Chrono Boost)  
  30  2:42  Probe (Chrono Boost)  
  31  2:44  Probe (Chrono Boost)  
  32  2:53  Probe (Chrono Boost)  
  32  2:55  Probe (Chrono Boost), Stargate  
  36  2:58  Sentry  
  36  3:03  Probe (Chrono Boost)  
  38  3:05  Probe (Chrono Boost)  
  38  3:10  Assimilator  
  38  3:13  Assimilator  
  38  3:14  Probe (Chrono Boost)  
  38  3:16  Probe (Chrono Boost)  
  40  3:25  Mothership Core (Chrono Boost), Pylon  
  40  3:27  Probe (Chrono Boost)  
  43  3:36  Probe (Chrono Boost)  
  43  3:39  Phoenix (Chrono Boost)  
  46  3:43  Probe  
  46  3:46  Probe  
  48  3:55  Probe  
  49  3:56  Probe  
  49  4:01  Nexus, Phoenix (Chrono Boost)  
  49  4:02  Pylon  
  52  4:04  Pylon  
  52  4:07  Probe  
  53  4:10  Probe  
  53  4:11  Warp Gate  
  54  4:18  Pylon  
  54  4:20  Probe  
  54  4:22  Probe  
  56  4:25  Phoenix (Chrono Boost)  
  56  4:28  Pylon  
  58  4:32  Probe  
  58  4:33  Probe, Forge  
  58  4:36  Pylon  
  60  4:44  Probe  
  61  4:47  Phoenix (Chrono Boost)  
  61  4:51  Fleet Beacon  
  63  4:53  Stargate  
  63  4:56  Probe  
  63  4:57  Probe  
  65  5:08  Photon Cannon  
  65  5:16  Probe x2  
  65  5:17  Probe  
  68  5:30  Stargate  
  68  5:32  Photon Cannon  
  74  5:36  Carrier (Chrono Boost)  
  74  5:38  Photon Cannon  
  74  5:48  Pylon, Photon Cannon  
  74  6:06  Photon Cannon  
  74  6:11  Probe x2  
  74  6:13  Probe  
  67  6:26  Probe  
  67  6:28  Zealot  
  62  6:42  Probe  
  62  6:43  Probe  
  55  6:54  Carrier (Chrono Boost)  
  55  7:00  Carrier (Chrono Boost)  
  65  7:06  Graviton Catapult  
  49  7:33  Photon Cannon  
  49  7:34  Probe (Chrono Boost)  
  49  7:35  Probe (Chrono Boost)  
  51  7:39  Photon Cannon  
  51  7:45  Photon Cannon  
  51  7:47  Probe x2 (Chrono Boost)  
  53  7:58  Probe x2 (Chrono Boost)  
  55  8:06  Nexus  
  55  8:08  Pylon x2  
  55  8:43  Probe x2 (Chrono Boost)  
  55  8:44  Pylon  
  55  8:45  Pylon  
  57  8:53  Probe x2 (Chrono Boost)  
  59  9:04  Probe x2 (Chrono Boost)  
  61  9:10  Carrier x2  
  61  9:14  Probe x2 (Chrono Boost)  
  75  9:20  Probe (Chrono Boost)  
  76  9:25  Probe x2 (Chrono Boost)  
  76  9:26  Photon Cannon  
  76  9:30  Probe (Chrono Boost)  
  79  9:35  Probe (Chrono Boost)  
  79  9:37  Probe (Chrono Boost)  
  81  9:41  Probe (Chrono Boost)  
  80  9:46  Probe (Chrono Boost)  
  80  9:47  Probe (Chrono Boost)  
  82  9:53  Photon Cannon  
  80  10:02  Probe x2 (Chrono Boost)  
  80  10:03  Probe (Chrono Boost)  
  80  10:06  Photon Cannon  
  57  10:23  Probe x3 (Chrono Boost)  
  60  10:35  Carrier  
  66  10:47  Probe x3 (Chrono Boost)  
  67  10:50  Photon Cannon  
  67  10:51  Photon Cannon  
  64  10:57  Probe (Chrono Boost)  
  64  11:04  Probe x2 (Chrono Boost)  
  64  11:08  Probe (Chrono Boost)  
  65  11:15  Probe (Chrono Boost)  
  65  11:18  Probe (Chrono Boost), Pylon  
  67  11:21  Protoss Air Weapons Level 1 (Chrono Boost)  
  67  11:25  Probe (Chrono Boost)  
  67  11:30  Probe  
  68  11:40  Probe  
  60  11:56  Probe x2  
  62  12:13  Nexus  
  62  12:15  Photon Cannon  
  62  12:17  Photon Cannon  
  62  12:19  Pylon  
  62  12:20  Probe  
  62  12:21  Probe  
  64  12:33  Probe (Chrono Boost)  
  64  12:34  Probe (Chrono Boost)  
  65  12:45  Probe (Chrono Boost)  
  65  12:46  Probe (Chrono Boost)  
  67  12:55  Probe (Chrono Boost)  
  69  12:59  Probe (Chrono Boost)  
  75  13:06  Probe (Chrono Boost)  
  75  13:11  Probe (Chrono Boost)  
  77  13:12  Photon Cannon  
  76  13:36  Nexus, Photon Cannon  
  76  13:39  Photon Cannon  
Show
View Real Time Build Order
Export as new Build Order

LiquidDeath Zerg - Winner!

Build Orders: Hatch First 

Get SALT Encoding   

  12  0:02  Drone  
  13  0:13  Overlord  
  13  0:23  Drone  
  14  0:32  Drone x2  
  16  0:36  Drone  
  17  0:46  Drone  
  18  0:56  Hatchery  
  17  1:01  Drone  
  18  1:13  Spawning Pool  
  18  1:17  Drone  
  18  1:20  Extractor  
  17  1:30  Drone x2  
  19  1:46  Drone  
  20  1:51  Drone  
  21  1:54  Hatchery  
  21  2:01  Zergling x2  
  21  2:08  Overlord  
  21  2:13  Queen  
  23  2:18  Drone  
  23  2:22  Drone  
  25  2:23  Drone  
  26  2:36  Queen  
  28  2:39  Drone x2  
  30  2:46  Evolution Chamber  
  30  2:48  Evolution Chamber, Drone  
  29  2:58  Drone x3  
  31  3:03  Overlord  
  32  3:12  Zerg Ground Armor Level 1  
  32  3:17  Zerg Melee Weapons Level 1  
  32  3:20  Drone x2  
  32  3:21  Drone  
  32  3:23  Drone  
  36  3:27  Drone x2  
  36  3:29  Drone  
  39  3:40  Drone x3  
  39  3:41  Drone  
  43  3:48  Drone x4  
  47  3:53  Metabolic Boost  
  47  3:57  Spore Crawler  
  47  3:59  Spore Crawler  
  45  4:02  Spore Crawler  
  45  4:03  Extractor  
  45  4:04  Extractor  
  42  4:14  Overlord x3  
  42  4:30  Overlord x3  
  42  4:32  Zergling x4  
  42  4:33  Zergling x10  
  49  4:39  Zergling x4  
  49  4:40  Zergling x2  
  52  4:49  Zergling x2  
  52  4:50  Zergling x4  
  52  4:51  Zergling x2  
  56  4:53  Zergling x2  
  56  4:58  Lair  
  57  5:00  Zergling x4  
  59  5:12  Drone x2  
  59  5:13  Drone x3  
  64  5:15  Spore Crawler  
  63  5:25  Zergling x6  
  63  5:26  Zergling x8  
  67  5:32  Extractor  
  64  5:43  Zergling x14  
  69  6:05  Zergling x10  
  69  6:06  Zergling x2  
  69  6:07  Hatchery  
  67  6:13  Zergling x4  
  67  6:14  Zerg Melee Weapons Level 2  
  67  6:17  Zerg Ground Armor Level 2  
  63  6:37  Drone x2  
  63  6:38  Drone x7  
  68  6:44  Infestation Pit  
  64  6:52  Queen  
  64  6:53  Queen  
  67  7:00  Drone  
  67  7:01  Drone x3  
  68  7:04  Extractor x2  
  60  7:27  Zergling x2  
  60  7:28  Zergling x22, Queen  
  70  7:33  Queen  
  70  7:34  Queen  
  73  7:41  Spire  
  73  7:48  Spire  
  72  7:51  Zergling x8  
  72  7:52  Zergling x10  
  81  8:07  Overlord x2  
  81  8:08  Overlord x2  
  76  8:23  Hive  
  68  8:34  Zergling x2  
  68  8:35  Zergling x24  
  73  8:57  Spore Crawler, Extractor  
  73  8:58  Spore Crawler  
  73  9:00  Spore Crawler, Extractor  
  73  9:02  Zerg Flyer Weapons Level 1  
  63  9:45  Mutalisk x6  
  65  9:46  Mutalisk x10  
  65  9:47  Mutalisk  
  65  9:51  Mutalisk  
  96  10:09  Zerg Ground Armor Level 3, Ultralisk Cavern  
  89  10:32  Zergling x2  
  89  10:33  Zergling x22  
  90  10:49  Drone x7  
  84  11:11  Zerg Flyer Armor Level 1  
  84  11:12  Chitinous Plating  
  70  11:36  Ultralisk x3  
  88  11:52  Zergling x2  
  88  11:53  Ultralisk, Zergling x2  
  88  12:11  Ultralisk x2  
  100  12:26  Ultralisk  
  100  12:29  Ultralisk  
  112  12:35  Zergling x6  
  112  12:36  Zergling x10  
  118  12:50  Overlord x5  
  116  13:15  Ultralisk  
  119  13:29  Zergling x2  
  119  13:30  Zergling x16  
  127  13:35  Hatchery  
  127  13:36  Drone x3  
Tags
 
Add a new tag
Caveats
  • Supply blocks, unpowered buildings, or Contaminate may cause inaccurate times.
  • Supply counts are checked every 10 seconds.